 Dungeon Crawl Stone Soup version 0.30-a0-778-g2ef04afb54 (console) character file.

Game seed: 5354828755443791608

9 rlgrobin the Shield-Bearer (level 2, -1/26 HPs)
             Began as a Meteoran Fighter on Feb 17, 2023.
             Slain by Terence
             ... wielding a +1 hand axe of electrocution
              (18 damage)
             ... on level 2 of the Dungeon.
             The game lasted 00:00:49 (178 turns).

rlgrobin the Shield-Bearer (Meteoran Fighter)        Turns: 178, Time: 00:00:50

Health: -1/26      AC:  9    Str: 17    XL:     2   Next: 35%
Magic:  3/3        EV:  6    Int:  9    God:
Gold:   23         SH:  5    Dex: 13    Spells: 1/1 levels left

rFire   . . .      SeeInvis .    a - +0 war axe
rCold   . . .      Faith    .    c - +0 buckler
rNeg    . . .      Spirit   .    f - +0 chain mail
rPois   .          Reflect  .    (no helmet)
rElec   .          Harm     .    (no cloak)
rCorr   .          Rampage  .    (no gloves)
Will    .....                    (no boots) Stlth
                                 (no amulet)
HPRegen 0.24/turn                (no ring)
MPRegen 0.08/turn                (no ring)

@: mighty, glowing
A: sense surroundings 1, otherworldly, glowing, explore regen
a: no special abilities


You were on level 2 of the Dungeon.
You visited 1 branch of the dungeon, and saw 2 of its levels.

You collected 23 gold pieces.

Inventory:

Hand Weapons
 a - a +0 war axe (weapon)
Missiles
 e - 6 silver javelins (quivered)
Armour
 c - a +0 buckler (worn)
 f - a +0 chain mail (worn)


   Skills:
 - Level 3.2 Fighting
 + Level 3.4 Axes
 - Level 3.6 Armour
 - Level 3.6 Shields


You had one spell level left.
You didn't know any spells.
Your spell library was empty.

Dungeon Overview and Level Annotations

Branches:
Dungeon (2/15) Zot: 1016

Altars:

Annotations:
D:2 Terence


Innate Abilities, Weirdness & Mutations

You passively map a small area around you.
You are easily found by Zot.
You glow in the dark.
You regain HP and MP as you explore.


Message History

Found a dagger.
There is a stone staircase leading down here.
You climb downwards.
The goblin shouts!
Found a book of Rime.
There is a stone staircase leading up here.
Found a short sword.
A hobgoblin comes into view.
The hobgoblin shouts!
You slash the goblin!
You kill the goblin!
You hear a shout!
A kobold comes into view. It is wielding a +0 whip.
The kobold shouts!
The kobold throws a stone.
The stone barely misses you. You block the hobgoblin's attack.
Things that are here:
a +0 club; a goblin corpse You slash the hobgoblin!
You kill the hobgoblin!
The kobold throws a stone.
The stone barely misses you. The kobold hits you with a +0 whip.
You slash the kobold!
You kill the kobold!
No target in view!
No target in view!
You see here a hobgoblin corpse.
Found a book of Power.
Found 4 gold pieces.
Terence the Incautious comes into view.
He is wielding a +1 hand axe of electrocution.
Found a whip.
Terence shouts!
Terence hits you with a +1 hand axe of electrocution!
You hit Terence.
Terence is lightly wounded.
Terence hits you with a +1 hand axe of electrocution.
You feel very mighty all of a sudden. Terence hits you but does no damage.
You are electrocuted!!
Ouch! That really hurt!
You die...

, * , #.. . ...: ,, * ,.
#..#* #$##.# ## #.
,#.... #.##.##.,,,
.###.##..#.##).. ** ,
.)... ........## *
######..#*##.......# *
.......@###.###....###.#
*#...@....#.#..†.)....
#.........#.♣.#.)##...#
* #.≈~≈......#.#...#*
..# ~≈~~~.#......###.#.#
## ..~..#.........##.##
, ~ ##..,#......... #<.#
* #.* #..........~.~#+ *
* #. #.#####..~.≈.≈.. ,
, #. #...~~~~≈...


You could see Terence.

Vanquished Creatures
  A dart slug (D:1)
  A goblin (D:2)
  2 hobgoblins
  A frilled lizard (D:1)
  A kobold (D:2)
  A rat (D:1)
7 creatures vanquished.

Notes
Turn   | Place    | Note
-------+----------+-------------------------------------------
     0 | D:1      | rlgrobin the Meteoran Fighter began the quest for the Orb.
     0 | D:1      | Reached XP level 1. HP: 19/19 MP: 2/2
   102 | D:1      | Reached XP level 2. HP: 26/26 MP: 3/3
   174 | D:2      | Noticed Terence
   178 | D:2      | Slain by Terence

Illustrated notes

Levels and vault maps discovered:
D:1:      psy_arrival_whirlpool, layout_loops_cross
D:2:      layout_basic, serial_rivers, chequers_serial_rivers_micro_d,
          chequers_serial_rivers_marsh, chequers_serial_rivers_small_a,
          chequers_serial_rivers_small_a, grunt_decor_one_mirror, uniq_terence

Skill      XL: |  1 |
---------------+----+-----
Axes           | 3 |  3.4
Fighting       | |  3.2
Armour         | |  3.6
Shields        | |  3.6

Action                     || total
---------------------------++-------
  Melee: War axe           ||    10
    Use: Potion            ||     1
 Armour: Chain mail        ||     4
         Scale mail        ||     1
  Dodge: Dodged            ||     2
  Block: Buckler           ||     2

Table legend: (Time is in decaauts)
 A = Elapsed time spent in this place.
 B = Non-inter-level travel time spent in this place.
 C = Inter-level travel time spent in this place.
 D = Time resting spent in this place.
 E = Time spent auto-exploring this place.
 F = Levels seen in this place.
 G = Mean time per level.
                   A        B        C        D        E       F      G
               +--------+--------+--------+--------+--------+-----+--------+
         Total |    182 |    182 |      0 |      0 |      0 |   2 |   91.0 |
       Dungeon |    182 |    182 |      0 |      0 |      0 |   2 |   91.0 |
               +--------+--------+--------+--------+--------+-----+--------+

Top non-repeatable levels by time:
     D:1: 160 daAuts
     D:2: 22 daAuts
